[Event "Titled Tuesday Blitz November 07 Early 2023"]
[White "Gubajdullin, Alexei"]
[Black "Kamsky, Gata"]
[WhiteFideId "4141202"]
[BlackFideId "2000024"]
[WhiteElo "2666"]
[BlackElo "2859"]
[Result "0-1"]
[Round "11"]
[TimeControl "180+1"]
[Date "2023.11.07"]
[WhiteClock "0:00:00"]
[BlackClock "0:00:11"]
[Board "18"]

1. d4 f5 2. g3 Nf6 3. Bg2 g6 4. Nd2 Bg7 5. e4 fxe4 6. Nxe4 Nxe4 7. Bxe4 c5 8. dxc5 Na6 9. Be3 Qc7 10. Bd4 Bxd4 11. Qxd4 e5 12. Qd6 Qxc5 13. Bxg6+ hxg6 14. Qxg6+ Kd8 15. Qf6+ Kc7 16. Qxh8 Nb4 17. Nf3 d6 18. Qh7+ Bd7 19. O-O-O Rf8 20. a3 Na2+ 21. Kb1 Nc3+ 22. bxc3 Rxf3 23. Qe4 Bc6 24. Qb4 Rxf2 25. Qxc5 dxc5 26. Rhe1 Rxh2 27. Rxe5 Kb6 28. Rg1 Ba4 29. g4 Bxc2+ 30. Ka1 Kb5 31. g5 Ka4 32. g6 Kxa3 33. Rxc5 b6 34. Rb5 Bd3 0-1


[Site "https://www.chess.com"]

[Event "Titled Tuesday Blitz November 07 Early 2023"]
[White "Alexandre, Anne Shopie Elizabeth"]
[Black "Borgaonkar Akshay"]
[WhiteFideId "11902418"]
[BlackFideId "25639110"]
[WhiteElo "2853"]
[BlackElo "2699"]
[Result "0-1"]
[Round "11"]
[TimeControl "180+1"]
[Date "2023.11.07"]
[WhiteClock "0:00:00"]
[BlackClock "0:00:03"]
[Board "19"]

1. d4 Nf6 2. c4 g6 3. Nc3 Bg7 4. e4 O-O 5. h3 d6 6. Be3 e5 7. d5 a5 8. g4 Na6 9. Nge2 Nd7 10. Ng3 Ndc5 11. Be2 c6 12. h4 Bd7 13. h5 cxd5 14. cxd5 a4 15. Qd2 Qa5 16. Nb1 Nb4 17. O-O Qb6 18. Na3 Nba6 19. Rac1 Qd8 20. Kg2 f5 21. gxf5 gxf5 22. h6 Bh8 23. exf5 Bxf5 24. Rc4 Bg6 25. Rg4 Qf6 26. Nc4 Rf7 27. Na5 Raf8 28. b4 axb3 29. axb3 b6 30. b4 bxa5 31. bxc5 Nxc5 32. Qxa5 Nd7 33. Qb4 Rb8 34. Qa3 Kf8 35. Ne4 Bxe4+ 36. Rxe4 Qe7 37. Rg4 Nf6 38. Rg3 Nxd5 39. Qa4 Qb7 40. Kg1 Nf4 41. Bf3 Qd7 42. Qe4 d5 43. Bc5+ Ke8 44. Qe3 e4 45. Bxe4 dxe4 46. Qxe4+ Ne6 47. Re1 Rf6 48. Rg8+ Kf7 49. Rxb8 Rg6+ 50. Kf1 Nxc5 51. Qf3+ Rf6 52. Qg2 Rg6 53. Qf3+ Rf6 54. Qh5+ Rg6 55. Rxh8 Qd3+ 56. Re2 Qd1+ 0-1


[Site "https://www.chess.com"]

[Event "Titled Tuesday Blitz November 07 Early 2023"]
[White "Roebers, Eline"]
[Black "mind1mover"]
[WhiteFideId "1058401"]
[WhiteElo "2611"]
[BlackElo "2827"]
[Result "0-1"]
[Round "11"]
[TimeControl "180+1"]
[Date "2023.11.07"]
[WhiteClock "0:00:12"]
[BlackClock "0:00:05"]
[Board "20"]

1. e4 Nc6 2. Nf3 d6 3. Nc3 Nf6 4. d4 g6 5. h3 a6 6. Be3 b5 7. Bd3 Bb7 8. a4 b4 9. Ne2 Na5 10. Nd2 Bg7 11. c3 bxc3 12. bxc3 O-O 13. O-O Nd7 14. Rb1 Rb8 15. f4 e5 16. f5 exd4 17. cxd4 c5 18. Qe1 Nc6 19. d5 Nb4 20. Bc4 Nc2 21. Qf2 Nxe3 22. Qxe3 Ne5 23. Qg3 Qa5 24. Rfd1 Qxa4 25. Bb3 Qa3 26. h4 Kh8 27. h5 Bh6 28. Qh4 Be3+ 29. Kh1 g5 30. Qg3 Bxd2 31. Rxd2 f6 32. Ra2 Qb4 33. Bc2 Qc4 34. Nc1 Ba8 35. Rb3 Rxb3 36. Nxb3 Rb8 37. Kh2 Qe2 38. Qh3 Ng4+ 39. Kg3 Qf2+ 40. Kxg4 Qf4# 0-1


[Site "https://www.chess.com"]

[Event "Titled Tuesday Blitz November 07 Early 2023"]
[White "CrazyAdvenTures"]
[Black "Kalogeris, Ioannis"]
[BlackFideId "4239563"]
[WhiteElo "2825"]
[BlackElo "2605"]
[Result "1/2-1/2"]
[Round "11"]
[TimeControl "180+1"]
[Date "2023.11.07"]
[WhiteClock "0:02:12"]
[BlackClock "0:01:23"]
[Board "21"]

1. e4 e5 2. Nf3 Nc6 3. Bc4 Bc5 4. c3 Nf6 5. d3 d6 6. Bg5 h6 7. Bh4 a5 8. O-O g5 9. Bg3 Bg4 10. Nbd2 Nh5 11. Qb3 O-O 12. Qxb7 Rb8 13. Qxc6 Bd7 14. Qa6 Ra8 15. Qb7 Rb8 16. Qa6 Ra8 17. Qb7 Rb8 18. Qa6 1/2-1/2


[Site "https://www.chess.com"]

[Event "Titled Tuesday Blitz November 07 Early 2023"]
[White "Szpar, Milosz"]
[Black "Czopor, Maciej"]
[WhiteFideId "1184989"]
[BlackFideId "21805431"]
[WhiteElo "2810"]
[BlackElo "2583"]
[Result "1-0"]
[Round "11"]
[TimeControl "180+1"]
[Date "2023.11.07"]
[WhiteClock "0:01:18"]
[BlackClock "0:00:00"]
[Board "22"]

1. e4 g6 2. d4 c6 3. Nf3 Bg7 4. Bd3 d5 5. e5 f6 6. Bf4 Nh6 7. exf6 exf6 8. O-O O-O 9. c4 Nf7 10. Nc3 dxc4 11. Bxc4 Nd7 12. Bd6 Nb6 13. Bxf8 Qxf8 14. Bb3 Bg4 15. h3 Bxf3 16. Qxf3 Rd8 17. Rad1 Kh8 18. Rfe1 Nd6 19. Be6 f5 20. Qf4 Qf6 21. h4 h6 22. Bb3 Nbc4 23. Re2 b5 24. d5 Nxb2 25. Rxb2 Qxc3 26. Rc2 Qe5 27. Qxe5 Bxe5 28. dxc6 Rc8 29. Rd5 Nf7 30. Rd7 1-0


[Site "https://www.chess.com"]

[Event "Titled Tuesday Blitz November 07 Early 2023"]
[White "Shuvalov, Evgenij"]
[Black "Gharibyan, Mamikon"]
[WhiteFideId "4187237"]
[BlackFideId "13308300"]
[WhiteElo "2507"]
[BlackElo "2806"]
[Result "0-1"]
[Round "11"]
[TimeControl "180+1"]
[Date "2023.11.07"]
[WhiteClock "0:00:31"]
[BlackClock "0:01:12"]
[Board "23"]

1. d4 Nf6 2. c4 e6 3. Nc3 Bb4 4. e3 O-O 5. a3 Bxc3+ 6. bxc3 c5 7. Ne2 d5 8. cxd5 exd5 9. Ng3 Re8 10. Bd3 b6 11. O-O Ba6 12. f3 Bxd3 13. Qxd3 Nc6 14. Bb2 Rc8 15. e4 cxd4 16. cxd4 dxe4 17. fxe4 Ne5 18. Qd1 Nc4 19. Bc1 Nxe4 20. Nf5 Ncd6 21. Nh6+ gxh6 22. Bxh6 Qh4 23. Bf4 Re6 24. Rc1 Nc3 25. Qf3 Ne2+ 26. Kh1 Rxc1 27. Bxc1 Nxc1 28. g3 Qe4 29. Qxe4 Rxe4 30. Rxc1 Rxd4 0-1


[Site "https://www.chess.com"]

[Event "Titled Tuesday Blitz November 07 Early 2023"]
[White "Deac, Bogdan-Daniel"]
[Black "GaiozNigalidze"]
[WhiteFideId "1226380"]
[WhiteElo "2973"]
[BlackElo "2725"]
[Result "1-0"]
[Round "11"]
[TimeControl "180+1"]
[Date "2023.11.07"]
[WhiteClock "0:00:41"]
[BlackClock "0:00:16"]
[Board "24"]

1. d4 Nf6 2. Nf3 c5 3. d5 b5 4. c4 Qa5+ 5. Bd2 b4 6. Qc2 g6 7. a3 Bg7 8. e4 d6 9. h3 O-O 10. Bd3 Nbd7 11. O-O Rb8 12. Re1 Ne8 13. Ra2 b3 14. Bxa5 bxc2 15. Bxc2 Rxb2 16. Rxb2 Bxb2 17. Nc3 Nef6 18. Rb1 Bxa3 19. Nb5 Bb4 20. Bxb4 cxb4 21. Nxa7 Nc5 22. e5 dxe5 23. Nxe5 b3 24. Nxc8 Rxc8 25. Bxb3 Rb8 26. Bc2 Rxb1+ 27. Bxb1 Ne8 28. Nd3 Nxd3 29. Bxd3 Nc7 30. f4 Kf8 31. Kf2 Ke8 32. Ke3 Kd7 33. Kd4 e6 34. Ke5 exd5 35. cxd5 f6+ 36. Kxf6 Nxd5+ 37. Kg5 Ne3 38. g3 Ke7 39. Kh6 Kf6 40. h4 1-0


[Site "https://www.chess.com"]

[Event "Titled Tuesday Blitz November 07 Early 2023"]
[White "Baskakov, Egor"]
[Black "Perdomo, Leandro"]
[WhiteFideId "24197866"]
[BlackFideId "109746"]
[WhiteElo "2905"]
[BlackElo "2719"]
[Result "0-1"]
[Round "11"]
[TimeControl "180+1"]
[Date "2023.11.07"]
[WhiteClock "0:00:05"]
[BlackClock "0:00:26"]
[Board "25"]

1. e4 e5 2. Nc3 Nc6 3. g3 Nf6 4. Bg2 Bc5 5. h3 d6 6. Nge2 h6 7. d3 a6 8. O-O Be6 9. Nd5 Bxd5 10. exd5 Ne7 11. c4 Nf5 12. Kh2 Qd7 13. Rb1 a5 14. f4 h5 15. d4 exd4 16. Qd3 O-O-O 17. Bd2 Rde8 18. b4 axb4 19. Bxb4 Re3 20. Qd2 Ng4+ 21. hxg4 hxg4+ 22. Kg1 Rxe2 23. Qd3 Re3 24. Qd2 Nxg3 25. Rf2 Qf5 26. Qb2 Qh5 27. Rd2 Qh2+ 28. Kf2 Ne4+ 29. Kf1 Qxf4+ 30. Kg1 Qh2+ 31. Kf1 Bxb4 32. Qxb4 Ng3+ 33. Kf2 Rf3+ 34. Ke1 Qg1+ 0-1


[Site "https://www.chess.com"]

[Event "Titled Tuesday Blitz November 07 Early 2023"]
[White "Klukin, Kirill"]
[Black "Jakubowski, Krzysztof"]
[WhiteFideId "24199273"]
[BlackFideId "1112848"]
[WhiteElo "2850"]
[BlackElo "2691"]
[Result "1-0"]
[Round "11"]
[TimeControl "180+1"]
[Date "2023.11.07"]
[WhiteClock "0:00:10"]
[BlackClock "0:00:00"]
[Board "27"]

1. d4 Nf6 2. Nf3 e6 3. e3 b6 4. Bd3 Bb7 5. O-O d6 6. b3 Nbd7 7. Bb2 g6 8. c4 Bg7 9. Qe2 O-O 10. e4 Qe7 11. e5 Nh5 12. Be4 d5 13. cxd5 exd5 14. Bc2 c5 15. Re1 Nf4 16. Qd1 Rac8 17. Nc3 cxd4 18. Nb5 d3 19. Bxd3 Nxd3 20. Qxd3 Ba6 21. a4 Nc5 22. Qe3 Ne4 23. Ba3 Nc5 24. Nfd4 Qh4 25. Nxa7 Rce8 26. Nf3 Qh5 27. a5 Bh6 28. Qd4 Nxb3 29. Qxb6 Nxa1 30. Rxa1 Be2 31. Nd4 Rb8 32. Qc5 Bc4 33. Nac6 Ra8 34. h3 Rfe8 35. Bb2 Bf4 36. Nf3 Be2 37. Qxd5 Bxf3 38. Qxf3 Qxf3 39. gxf3 Re6 40. Nd4 Rxe5 41. a6 Rd5 42. Nc6 Bd6 43. a7 Rc5 44. Nd4 Rc7 45. Nb5 Rb7 46. Nxd6 Rxb2 47. Ra5 Rb6 48. Nb5 Kg7 49. Nc7 Rc8 50. a8=Q Rxa8 51. Nxa8 Rb7 52. Kg2 f5 53. Ra6 Kh6 54. Nb6 Re7 55. Nd5 Rf7 56. Ne3 Kg5 57. Ra4 Rb7 58. Nd5 Rd7 59. h4+ Kh6 60. Nf4 Rb7 61. Ra6 Rb1 62. h5 Rb4 63. Nd3 Rd4 64. Ne5 Kxh5 65. Ra7 h6 66. Nf7 Rd2 67. Ra6 Rd7 68. Ne5 Rg7 69. f4 g5 70. Kf3 Rg8 71. Rf6 gxf4 72. Kxf4 Rg2 73. Rxf5+ 1-0


[Site "https://www.chess.com"]

[Event "Titled Tuesday Blitz November 07 Early 2023"]
[White "Timofeev, Artyom"]
[Black "Dowgird, Filip"]
[WhiteFideId "4140419"]
[BlackFideId "1121235"]
[WhiteElo "2843"]
[BlackElo "2679"]
[Result "1-0"]
[Round "11"]
[TimeControl "180+1"]
[Date "2023.11.07"]
[WhiteClock "0:02:04"]
[BlackClock "0:01:42"]
[Board "28"]

1. c4 e5 2. e3 Nf6 3. Nc3 Bb4 4. Nge2 O-O 5. a3 Bxc3 6. Nxc3 c5 7. b4 d6 8. Be2 Nc6 9. b5 Na5 10. e4 Be6 11. d3 Nd7 12. O-O f5 13. f4 Qh4 14. exf5 Bxf5 15. g4 Bg6 16. f5 Bf7 17. Ne4 d5 18. Bg5 Qh3 19. Nf2 1-0


[Site "https://www.chess.com"]

[Event "Titled Tuesday Blitz November 07 Early 2023"]
[White "Suyarov, Mukhammadzokhid"]
[Black "Atakhan, Abtin"]
[WhiteFideId "14210495"]
[BlackFideId "22502203"]
[WhiteElo "2820"]
[BlackElo "2730"]
[Result "1-0"]
[Round "11"]
[TimeControl "180+1"]
[Date "2023.11.07"]
[WhiteClock "0:01:35"]
[BlackClock "0:00:54"]
[Board "29"]

1. d4 Nf6 2. Nc3 d5 3. Bf4 e6 4. Nb5 Na6 5. e3 c6 6. Nc3 Qa5 7. Bd3 Bb4 8. Ne2 c5 9. a3 Bxc3+ 10. Nxc3 c4 11. Be2 Ne4 12. O-O Nxc3 13. bxc3 Qxc3 14. Bf3 O-O 15. e4 dxe4 16. Bxe4 Rd8 17. Be5 Qa5 18. Qg4 f6 19. Bxf6 Rd7 20. Be5 Rf7 21. Qh5 h6 22. Bh7+ 1-0


[Site "https://www.chess.com"]

[Event "Titled Tuesday Blitz November 07 Early 2023"]
[White "Materia, Marco"]
[Black "Shuvalova, Polina"]
[WhiteFideId "45150451"]
[BlackFideId "24171760"]
[WhiteElo "2811"]
[BlackElo "2673"]
[Result "1/2-1/2"]
[Round "11"]
[TimeControl "180+1"]
[Date "2023.11.07"]
[WhiteClock "0:01:14"]
[BlackClock "0:00:06"]
[Board "30"]

1. d4 Nf6 2. c4 e6 3. Nf3 d5 4. Nc3 c5 5. cxd5 Nxd5 6. g3 Nxc3 7. bxc3 cxd4 8. cxd4 Bb4+ 9. Bd2 Bxd2+ 10. Qxd2 b6 11. Bg2 Bb7 12. O-O O-O 13. Rfe1 Nd7 14. e4 Rc8 15. Rad1 Nf6 16. Qf4 h6 17. Ne5 Qc7 18. d5 exd5 19. exd5 Rcd8 20. d6 Rxd6 21. Rxd6 Bxg2 22. Nd7 Nxd7 23. Kxg2 Nc5 24. Red1 Re8 25. Rd8 Qxd8 26. Rxd8 Rxd8 27. Qc7 Rd7 28. Qc8+ Kh7 29. h4 h5 30. Kf3 g6 31. Qf8 Ne6 32. Qe8 Nc5 33. Kf4 Rd4+ 34. Kf3 Rd3+ 35. Ke2 Rd7 36. f3 Kg7 37. Qe5+ Kg8 38. g4 hxg4 39. fxg4 Ne6 40. Ke3 Rd4 41. Qb8+ Kg7 42. Qxa7 Rxg4 43. Qxb6 Rxh4 44. Qb2+ Kh7 45. Qf6 Rh3+ 46. Kf2 Kg8 47. Qe7 Rh2+ 48. Kg3 Rxa2 49. Qf6 Ra8 50. Qe7 Rd8 51. Qb4 Rd5 52. Qe4 Rg5+ 53. Kf2 Rf5+ 54. Kg3 Kg7 55. Qe3 Rg5+ 56. Kf2 Rh5 57. Qc3+ Kg8 58. Qc8+ Kg7 59. Qc3+ Kg8 60. Qc8+ Nf8 61. Kg3 Rf5 62. Qc3 Ne6 63. Qc8+ Kh7 64. Qd7 g5 65. Qd3 Kg6 66. Kg4 Ng7 67. Qc2 f6 68. Qb1 Kf7 69. Qb7+ Kg6 70. Qb1 Kf7 71. Qb3+ Kf8 72. Qb8+ Kf7 73. Qb3+ Kg6 74. Qb1 1/2-1/2


[Site "https://www.chess.com"]

[Event "Titled Tuesday Blitz November 07 Early 2023"]
[White "Thomforde-Toates, Noah"]
[Black "Dragun, Kamil"]
[WhiteFideId "30951992"]
[BlackFideId "1134167"]
[WhiteElo "2662"]
[BlackElo "2805"]
[Result "0-1"]
[Round "11"]
[TimeControl "180+1"]
[Date "2023.11.07"]
[WhiteClock "0:00:00"]
[BlackClock "0:00:57"]
[Board "31"]

1. d4 Nf6 2. Nc3 d5 3. Bf4 c5 4. e4 cxd4 5. Qxd4 Nc6 6. Qa4 dxe4 7. Nb5 e5 8. Bxe5 Bc5 9. Nc7+ Kf8 10. Bg3 Bxf2+ 11. Kxf2 e3+ 12. Kxe3 Qe7+ 13. Kd2 Ne4+ 14. Kd1 Bg4+ 15. Nf3 Bxf3+ 16. gxf3 Rd8+ 17. Bd3 Nxg3 18. hxg3 Qxc7 19. Qg4 g6 20. Qg5 Qe5 21. Qxe5 Nxe5 22. Ke2 Nxd3 23. cxd3 Kg7 24. Rac1 Rhe8+ 25. Kd2 Rd7 26. Rc3 Re6 27. Rh4 h5 28. Rhc4 Rde7 29. Re4 g5 30. Rc5 Kg6 31. Ke3 f5 32. Rxe6+ Rxe6+ 33. Kf2 Rc6 34. d4 Rd6 35. Rc7 Rxd4 36. Rxb7 Rd2+ 37. Ke3 Rg2 38. Rxa7 Rxg3 39. Ra6+ Kf7 40. Ra7+ Ke6 41. Ra6+ Kd7 42. Ra7+ Kc6 43. Ra5 f4+ 44. Ke4 h4 45. Ra6+ Kd7 46. Rh6 Rg2 47. Rg6 h3 48. Rh6 h2 49. b4 Rxa2 50. b5 Rg2 51. b6 Kc8 52. Kd5 Kb7 53. Kc5 Rc2+ 54. Kd5 g4 55. fxg4 f3 56. Ke4 f2 57. Rxh2 Re2+ 58. Kd3 f1=Q 59. Rxe2 Kxb6 60. Ke3 Kc5 61. Rf2 Qd1 62. Rf5+ Kd6 63. Kf4 Ke6 64. Kg3 Qg1+ 65. Kf3 Qf1+ 66. Kg3 Qd3+ 67. Kf4 Qc3 68. Ke4 Qg3 69. Rg5 Kf6 70. Rf5+ Kg6 71. Rf4 Kg5 72. Rf5+ Kxg4 73. Rf6 Qc3 74. Rg6+ Kh5 75. Re6 Qc4+ 76. Ke5 Kg5 77. Kd6 Kf5 78. Re5+ Kf6 79. Rd5 Qb4+ 80. Kc6 Ke6 81. Rc5 Qa4+ 82. Kb6 Kd6 83. Rb5 Qc4 0-1


[Site "https://www.chess.com"]

[Event "Titled Tuesday Blitz November 07 Early 2023"]
[White "Arabidze, Meri"]
[Black "Mekhitarian, Krikor Sevag"]
[WhiteFideId "13604040"]
[BlackFideId "2107660"]
[WhiteElo "2650"]
[BlackElo "2771"]
[Result "1/2-1/2"]
[Round "11"]
[TimeControl "180+1"]
[Date "2023.11.07"]
[WhiteClock "0:00:05"]
[BlackClock "0:00:02"]
[Board "33"]

1. d4 Nf6 2. c4 g6 3. g3 Bg7 4. Bg2 d5 5. cxd5 Nxd5 6. e4 Nb6 7. Ne2 c5 8. d5 O-O 9. O-O e6 10. Nec3 exd5 11. exd5 Na6 12. Nd2 Re8 13. Nde4 Nc4 14. Bg5 f6 15. Bf4 g5 16. Bc1 Bf5 17. b3 Nd6 18. Nxd6 Qxd6 19. Bb2 Qd7 20. d6 Rad8 21. Qd5+ Kh8 22. Qxb7 Qxb7 23. Bxb7 Nb4 24. Na4 Nd3 25. Ba3 Rxd6 26. Nxc5 Nxc5 27. Bxc5 Rd2 28. Bxa7 h5 29. Be3 Rb2 30. Bd5 Rd8 31. Bc4 h4 32. a4 h3 33. a5 Be4 34. a6 g4 35. a7 f5 36. Rad1 Rxd1 37. Rxd1 Ra2 38. b4 Ra4 39. Bc5 Kh7 40. Kf1 Bc3 41. Bd3 Bg2+ 42. Kg1 Kg6 43. b5 Bf3 44. Rf1 Ra5 45. Be3 Be5 46. b6 Bb7 47. Rd1 Bf3 48. Rb1 Ra3 49. Bf1 Bb7 50. Rc1 Bf3 51. Rb1 Be4 52. Rd1 Bf3 53. Rb1 1/2-1/2


[Site "https://www.chess.com"]

[Event "Titled Tuesday Blitz November 07 Early 2023"]
[White "Jaskolka, Tomasz"]
[Black "Socko, Bartosz"]
[WhiteFideId "1170791"]
[BlackFideId "1107038"]
[WhiteElo "2596"]
[BlackElo "2760"]
[Result "0-1"]
[Round "11"]
[TimeControl "180+1"]
[Date "2023.11.07"]
[WhiteClock "0:00:01"]
[BlackClock "0:00:41"]
[Board "34"]

1. e4 e6 2. Nf3 d5 3. e5 c5 4. b4 cxb4 5. a3 Nc6 6. axb4 Bxb4 7. c3 Be7 8. d4 Nh6 9. Ba3 Nf5 10. Bd3 O-O 11. Bxe7 Qxe7 12. Na3 Bd7 13. Nc2 Rac8 14. Ne3 Nxe3 15. fxe3 f5 16. exf6 Qxf6 17. O-O Qh6 18. Qe2 Be8 19. Bb5 Bh5 20. Bxc6 Rxc6 21. Qd3 Bxf3 22. Rxf3 Rxf3 23. gxf3 a6 24. Ra2 Qg6+ 25. Qxg6 hxg6 26. Ra3 g5 27. Kf2 Kf7 28. Ke2 Kf6 29. Kd3 Rb6 30. Ra2 Rb1 31. e4 Rf1 32. Ke2 Rh1 33. Ke3 Re1+ 34. Kd2 Rb1 35. Kd3 Ke7 36. c4 Rb3+ 37. Ke2 dxc4 38. Ra4 Rb2+ 39. Ke3 Rc2 40. Ra5 Kd6 41. Rxg5 b5 42. Rxg7 b4 43. Ra7 Ra2 44. Rb7 b3 45. Rb6+ Kc7 46. Rb4 Rc2 47. d5 exd5 48. exd5 b2 49. Kd4 c3 50. Kc5 Rd2 51. d6+ Rxd6 52. Kc4 Rb6 53. Rxb6 Kxb6 0-1


[Site "https://www.chess.com"]

[Event "Titled Tuesday Blitz November 07 Early 2023"]
[White "vishwa_vijeta"]
[Black "Samunenkov, Ihor"]
[BlackFideId "14187086"]
[WhiteElo "2513"]
[BlackElo "2759"]
[Result "1-0"]
[Round "11"]
[TimeControl "180+1"]
[Date "2023.11.07"]
[WhiteClock "0:00:14"]
[BlackClock "0:00:00"]
[Board "35"]

1. e4 c6 2. d4 d5 3. Nd2 dxe4 4. Nxe4 Bf5 5. Ng3 Bg6 6. h4 h6 7. Nf3 e6 8. h5 Bh7 9. Bd3 Bxd3 10. Qxd3 Nf6 11. c3 c5 12. Bf4 Nc6 13. O-O-O Qa5 14. Kb1 O-O-O 15. Ne5 Nxe5 16. Bxe5 Be7 17. Qf3 Qb6 18. d5 exd5 19. Nf5 Qe6 20. Rhe1 Ne4 21. Bxg7 Rhg8 22. c4 Nd2+ 23. Kc2 Qxe1 24. Rxe1 Nxf3 25. Nxe7+ Kd7 26. gxf3 Rxg7 27. Nxd5 f5 28. Nf6+ Kc8 29. Re6 Rf7 30. Nd5 Rh8 31. Rg6 f4 32. Kd3 b6 33. Ke4 Re8+ 34. Kd3 Rh8 35. Ke4 Kb7 36. Nxf4 Re8+ 37. Ne6 Rfe7 38. Ke5 Rf7 39. f4 Kc8 40. f5 Kd7 41. Rxh6 Rg8 42. Rg6 Rh8 43. h6 Ke7 44. f6+ Kd7 45. Rg7 Ke8 46. Nc7+ Kf8 47. Ke6 1-0


[Site "https://www.chess.com"]

[Event "Titled Tuesday Blitz November 07 Early 2023"]
[White "Matinian, Nikita"]
[Black "Marchesich, Giovanni"]
[WhiteFideId "24129100"]
[BlackFideId "2824790"]
[WhiteElo "2675"]
[BlackElo "2428"]
[Result "1-0"]
[Round "11"]
[TimeControl "180+1"]
[Date "2023.11.07"]
[WhiteClock "0:00:27"]
[BlackClock "0:00:53"]
[Board "36"]

1. e4 e5 2. Nf3 Nc6 3. Bb5 a6 4. Ba4 Nf6 5. O-O d6 6. Bxc6+ bxc6 7. d4 exd4 8. Nxd4 c5 9. Nc6 Qd7 10. Na5 Qa4 11. Bd2 Be7 12. Re1 O-O 13. b3 Qd7 14. Nc3 Qg4 15. Qxg4 Bxg4 16. h3 Bd7 17. f4 Rfd8 18. g4 Bf8 19. Rad1 g6 20. e5 Ne8 21. Ne4 Bg7 22. Bc3 Bb5 23. a4 Bd7 24. Kf2 Be6 25. Nc6 Rd7 26. Ng5 dxe5 27. Nxe6 Rxd1 28. Rxd1 fxe6 29. fxe5 Bh6 30. Rd7 Ng7 31. Rxc7 Rf8+ 32. Ke2 Bf4 33. Rc8 Rxc8 34. Ne7+ Kf7 35. Nxc8 h5 36. Nd6+ Ke7 37. Nb7 hxg4 38. hxg4 g5 39. Nxc5 Ne8 40. Nxa6 Kd7 41. Nc5+ 1-0


[Site "https://www.chess.com"]

[Event "Titled Tuesday Blitz November 07 Early 2023"]
[White "AlmasRakhmatullaev"]
[Black "Piesik, Piotr"]
[BlackFideId "1136194"]
[WhiteElo "2863"]
[BlackElo "2667"]
[Result "1-0"]
[Round "11"]
[TimeControl "180+1"]
[Date "2023.11.07"]
[WhiteClock "0:02:25"]
[BlackClock "0:01:30"]
[Board "37"]

1. e4 g6 2. d4 Bg7 3. Nc3 c6 4. Be3 d5 5. h4 h5 6. e5 Nh6 7. f3 f6 8. exf6 exf6 9. Qd2 Kf7 10. O-O-O Nd7 11. Bd3 Nb6 12. Nge2 Bf5 13. Kb1 Nc4 14. Bxc4 dxc4 15. d5 cxd5 16. Nxd5 Be6 17. Nef4 Bxd5 18. Nxd5 Nf5 19. Qe2 Re8 20. Qxc4 Re6 21. Nc7 Qe7 22. Nxe6 1-0


[Site "https://www.chess.com"]

[Event "Titled Tuesday Blitz November 07 Early 2023"]
[White "Mikhailovsky, Vladimir"]
[Black "Mendez Fortes, Eduardo Jesus"]
[WhiteFideId "34105414"]
[BlackFideId "3502376"]
[WhiteElo "2814"]
[BlackElo "2663"]
[Result "1-0"]
[Round "11"]
[TimeControl "180+1"]
[Date "2023.11.07"]
[WhiteClock "0:00:58"]
[BlackClock "0:01:03"]
[Board "38"]

1. e4 e5 2. Nf3 Nc6 3. Nc3 Nf6 4. d4 exd4 5. Nxd4 Bb4 6. Nxc6 bxc6 7. Bd3 d5 8. exd5 cxd5 9. O-O O-O 10. h3 c6 11. Qf3 Bd6 12. Bf4 Rb8 13. b3 Rb4 14. Ne2 h6 15. Rad1 Bxf4 16. Nxf4 Qc7 17. c4 d4 18. Rfe1 c5 19. Nd5 Nxd5 20. Qxd5 Rb6 21. Re5 Rc6 22. Rde1 Qd7 23. Qe4 g6 24. Qf4 Qd6 25. Qxh6 Bb7 26. Rh5 1-0


[Site "https://www.chess.com"]

[Event "Titled Tuesday Blitz November 07 Early 2023"]
[White "Bacrot, Etienne"]
[Black "Asavasaetakul, Chawit"]
[WhiteFideId "605506"]
[BlackFideId "6204856"]
[WhiteElo "2807"]
[BlackElo "2658"]
[Result "1-0"]
[Round "11"]
[TimeControl "180+1"]
[Date "2023.11.07"]
[WhiteClock "0:00:11"]
[BlackClock "0:00:00"]
[Board "39"]

1. e4 d5 2. exd5 Nf6 3. Bb5+ Nbd7 4. Nc3 a6 5. Be2 Nb6 6. Nf3 Nbxd5 7. Nxd5 Nxd5 8. d4 e6 9. O-O Be7 10. c4 Nf6 11. h3 O-O 12. Be3 b6 13. Ne5 Bb7 14. Bf3 Bxf3 15. Qxf3 Bd6 16. Rad1 Nd7 17. Nc6 Qf6 18. Qxf6 gxf6 19. Rfe1 Rfe8 20. g3 Nf8 21. Kg2 Ng6 22. c5 Bf8 23. Rc1 Ne7 24. Nxe7+ Bxe7 25. cxb6 cxb6 26. d5 b5 27. Red1 Red8 28. dxe6 fxe6 29. Rxd8+ Bxd8 30. Rd1 Be7 31. Rd7 Kf8 32. Rb7 Ke8 33. g4 b4 34. Kf3 a5 35. Ke4 a4 36. f4 Rc8 37. f5 exf5+ 38. Kxf5 Rc2 39. Ke6 Rc6+ 40. Kd5 Rc2 41. Bd4 a3 42. bxa3 bxa3 43. g5 fxg5 44. Ke6 Rc6+ 45. Kf5 h6 46. Be5 Kf7 47. Ra7 h5 48. Bd4 Rd6 49. Ke4 Re6+ 50. Kf3 Rc6 51. Be5 Ke6 52. Bg7 Rc2 53. Ra6+ Kf5 54. Ra5+ Kg6 55. Bd4 Rxa2 56. Ra7 Bb4 57. Ra6+ Kf5 58. Rb6 1-0


[Site "https://www.chess.com"]

[Event "Titled Tuesday Blitz November 07 Early 2023"]
[White "Yelisieiev, Yevhenii"]
[Black "Javakhadze, Zurab"]
[WhiteFideId "14139642"]
[BlackFideId "13603647"]
[WhiteElo "2650"]
[BlackElo "2784"]
[Result "0-1"]
[Round "11"]
[TimeControl "180+1"]
[Date "2023.11.07"]
[WhiteClock "0:00:00"]
[BlackClock "0:00:13"]
[Board "40"]

1. d4 Nf6 2. Nf3 e6 3. c4 b6 4. e3 Bb7 5. Bd3 Be7 6. O-O Kf8 7. Nc3 d5 8. Ne5 Nbd7 9. f4 c5 10. cxd5 exd5 11. Bd2 a6 12. Rc1 b5 13. Qf3 c4 14. Bb1 Nb6 15. a3 Nc8 16. Ne2 Nd6 17. Bb4 Nde4 18. Bxe7+ Kxe7 19. g4 Nd2 20. Qh3 Nxf1 21. Rxf1 Ne4 22. g5 f6 23. gxf6+ gxf6 24. Nf3 Kd6 25. Bxe4 dxe4 26. Nh4 Rg8+ 27. Kh1 Qd7 28. f5 Kc7 29. Nf4 Kb6 30. Ne6 Rac8 31. Ng2 c3 32. Nc5 Rxc5 33. dxc5+ Kxc5 34. bxc3 Bd5 35. Rd1 Qg7 36. Nf4 Bb3 37. Ne6+ Bxe6 38. fxe6 Qg5 39. Qf1 Qe5 40. e7 Qxe7 41. Qf5+ Qe5 42. Qxh7 Rc8 43. Rd4 Kb6 44. Qd7 Rxc3 45. Qd6+ Qxd6 46. Rxd6+ Rc6 47. Rxc6+ Kxc6 48. h4 Kd5 49. Kg2 Ke5 50. Kg3 Kf5 0-1


[Site "https://www.chess.com"]

[Event "Titled Tuesday Blitz November 07 Early 2023"]
[White "Yeremyan_ChessMate"]
[Black "Adewumi, Tanitoluwa"]
[BlackFideId "30966396"]
[WhiteElo "2773"]
[BlackElo "2646"]
[Result "1-0"]
[Round "11"]
[TimeControl "180+1"]
[Date "2023.11.07"]
[WhiteClock "0:01:05"]
[BlackClock "0:00:00"]
[Board "41"]

1. e4 c5 2. Nc3 Nc6 3. Bb5 Nd4 4. Bc4 e6 5. Nge2 Nf6 6. O-O a6 7. a4 Bd6 8. d3 O-O 9. Nxd4 cxd4 10. Ne2 Bc7 11. Nxd4 d5 12. exd5 exd5 13. Bb3 Qd6 14. g3 Bh3 15. Re1 Bb6 16. Bf4 Qd7 17. Nf3 Rae8 18. d4 Bg4 19. Qd3 Bf5 20. Qc3 Ne4 21. Qb4 Ba7 22. Ne5 Qc8 23. Rac1 f6 24. Bxd5+ Kh8 25. Nf7+ Rxf7 26. Bxf7 Rf8 27. Bd5 Ng5 28. Bxg5 fxg5 29. Qxb7 Qd8 30. c3 Bh3 31. Bg2 Bxg2 32. Kxg2 1-0


[Site "https://www.chess.com"]

[Event "Titled Tuesday Blitz November 07 Early 2023"]
[White "Korchmar, Vasiliy"]
[Black "Kotlyar, Kirill"]
[WhiteFideId "24131750"]
[BlackFideId "24145599"]
[WhiteElo "2741"]
[BlackElo "2582"]
[Result "1-0"]
[Round "11"]
[TimeControl "180+1"]
[Date "2023.11.07"]
[WhiteClock "0:01:07"]
[BlackClock "0:00:14"]
[Board "42"]

1. e4 c5 2. d4 cxd4 3. Qxd4 Nc6 4. Qd3 e6 5. Nc3 Bb4 6. Bf4 Nf6 7. Ne2 d5 8. O-O-O O-O 9. exd5 Nxd5 10. Nxd5 exd5 11. Qxd5 Qxd5 12. Rxd5 Be6 13. Rd1 Rfd8 14. Rxd8+ Rxd8 15. a3 Bc5 16. Bg3 Bg4 17. h3 Bh5 18. Nc3 Bd4 19. Be2 Bg6 20. Rd1 Bxc3 21. Rxd8+ Nxd8 22. bxc3 Be4 23. f3 Bc6 24. Bc4 Ne6 25. Bf2 a6 26. Be3 Kf8 27. Kb2 Ke7 28. Kb3 h6 29. Kb4 Nc7 30. Kc5 b5 31. Kxc6 1-0


[Site "https://www.chess.com"]